AoeStats
← Navix de los Bosques de Lituania

Arabia

503533814Analyzed
2v2 RM · 1mo ago on Sep 1, 2026· 52m 40s· 4 players
Game mode
Random Map
Map size
Medium (4 player)
Population
200
Speed
Normal
Resources
Standard
Victory
Conquest
Starting age
Dark Age
Ending age
Imperial Age
RankedLock teamsTeams togetherTeam positionsShared explorationLock speedFull tech treeHidden civsTurbo modeCheats
Victory
Defeat
🇨🇴 Slavs · Colombia
745
+17
708
+19
🇨🇱 Persians · Chile
830
-21
🇨🇱 Mongols · Chile
725
-16
17
8:56 Loom
11:03 Feudal Age
17:59 Castle Age
19:33 Fletching
20:17 Double-Bit Axe
22:07 Wheelbarrow
22:07 Horse Collar
25:27 Heavy Plow
25:41 Bow Saw
31:30 Hand Cart
31:32 Kamandaran
38:13 Stone Mining
38:13 Gold Mining
41:24 Forging
44:06 Imperial Age
44:46 Bodkin Arrow
45:12 Thumb Ring
44:27 Crossbowman
45:46 Scale Barding Armor
46:17 Iron Casting
claudio.morales
10:20 Feudal Age
11:52 Double-Bit Axe
12:42 Loom
14:33 Fletching
15:11 Horse Collar
19:23 Wheelbarrow
23:38 Padded Archer Armor
27:49 Castle Age
28:35 Stone Mining
28:39 Town Watch
30:55 Crossbowman
35:02 Bodkin Arrow
47:01 Imperial Age
45:46 Bloodlines
45:37 Husbandry
47:37 Nomads
48:21 Elite Mangudai
49:22 Conscription
49:08 Bracer
49:24 Leather Archer Armor
Navix de los Bosques de Lituania
4:36 Loom
10:44 Feudal Age
11:05 Man-at-Arms
11:31 Arson
12:16 Scale Mail Armor
13:44 Forging
14:23 Long Swordsman
19:03 Padded Archer Armor
18:53 Fletching
21:16 Fletching
44:00 Castle Age
46:20 Wheelbarrow
45:37 Double-Bit Axe
45:42 Gold Mining
45:23 Elite Skirmisher
45:57 Horse Collar
47:16 Leather Archer Armor
46:58 Bodkin Arrow
48:22 Squires
Derzer
10:53 Feudal Age
15:24 Horse Collar
15:16 Man-at-Arms
26:00 Castle Age
24:23 Forging
29:41 Bloodlines
29:51 Heavy Plow
29:39 Double-Bit Axe
29:49 Stone Mining
29:51 Gold Mining
31:02 Scale Barding Armor
31:02 Husbandry
32:05 Gold Shaft Mining
33:04 Iron Casting
32:56 Chain Barding Armor
37:53 Bow Saw
40:38 Imperial Age
38:00 Town Watch
38:53 Wheelbarrow
42:18 Town Watch
42:52 Hand Cart
43:12 Detinets
43:31 Elite Boyar
Connection lost

Rejoining the realm…

Still unreachable

The connection could not be restored.

Session expired

The server has moved on; the page needs a fresh start.